 Dungeon Crawl Stone Soup version bcrawl-1.21.2-1-g32d02e0829 (webtiles) character file.

Game seed: 16050678040388639521

631 Mrkan the Spear-Bearer (level 7, -3/55 HPs)
             Began as a Merfolk Gladiator on Feb 25, 2020.
             Was an Initiate of Ashenzari.
             Killed from afar by Dowan (11 damage)
             ... with a stone arrow
             ... on level 5 of the Dungeon.
             The game lasted 00:06:18 (4886 turns).

Mrkan the Spear-Bearer (Merfolk Gladiator)          Turns: 4886, Time: 00:06:18

Health: -3/55      AC:  6    Str: 16    XL:     7   Next: 48%
Magic:  7/7        EV: 16    Int:  7    God:    Ashenzari [......]
Gold:   214        SH:  0    Dex: 16    Spells: 6/6 levels left

rFire    . . .     SeeInvis .   a - +0 trident
rCold    + . .     Gourm    .   (no shield)
rNeg     . . .     Faith    .   b - +0 leather armour
rPois    .         Spirit   .   c - +0 helmet (curse)
rElec    .         Reflect  .   (no cloak)
rCorr    .         Harm     .   (no gloves)
MR       .....                  (no boots)
Stlth    +.........             (no amulet)
HPRegen  0.18/turn              t - +2 ring of protection
MPRegen  0.10/turn              q - ring of protection from cold

@: no status effects
A: change form in water, swift swim, stealthy swim
a: Curse Item, Renounce Religion


You were on level 5 of the Dungeon.
You worshipped Ashenzari.
Ashenzari was noncommittal.
You were near starving.

You visited 1 branch of the dungeon, and saw 5 of its levels.

You collected 214 gold pieces.

Inventory:

Hand Weapons
 a - a +0 trident (weapon)
Missiles
 d - 3 throwing nets (quivered) {!f}
Armour
 b - a +0 leather armour (worn)
 c - a cursed +0 helmet (worn)
Jewellery
 q - a ring of protection from cold (right hand)
 r - an uncursed amulet of faith
 t - a +2 ring of protection (left hand)
Wands
 z - a wand of flame (18)
Scrolls
 f - 3 scrolls of remove curse {unknown}
 g - 4 scrolls of identify {unknown}
 i - 2 scrolls of blinking {unknown}
 j - 5 scrolls of teleportation {unknown}
 k - 3 scrolls of fog {unknown}
 p - 3 scrolls of enchant armour {unknown}
 s - a scroll of amnesia {unknown}
 x - 2 scrolls of immolation {unknown}
 y - a scroll of noise {unknown}
Potions
 h - 2 potions of curing {unknown}
 l - a potion of degeneration {unknown}
 m - a potion of magic {unknown}
 n - a potion of flight {unknown}
 o - a potion of berserk rage {unknown}
 u - 3 potions of brilliance {unknown}
 v - 2 potions of cancellation {unknown}
 w - 2 potions of ambrosia {unknown}
Comestibles
 e - 8 rations {!d}


   Skills:
 + Level 4.7 Fighting
 * Level 9.2 Polearms
 - Level 2.0 Throwing
 + Level 6.5 Dodging


You had 6 spell levels left.
You didn't know any spells.
Your spell library was empty.

Dungeon Overview and Level Annotations

Branches:
Dungeon (5/12)             Temple (0/1) D:5

Altars:
Ashenzari
Dithmenos
Elyvilon
Okawaru
Ru
Uskayaw
The Shining One

Annotations:
D:5 Dowan


Message History

You hit Dowan.
Dowan is almost dead.
Dowan gestures at you while chanting. The shard of ice misses you.
You closely miss Dowan.
Dowan is almost dead.
Dowan hits you with a +2 dagger of speed.
* * * LOW HITPOINT WARNING * * *
Dowan shakes with grief.
Dowan barely misses you.
You closely miss Dowan.
Dowan is almost dead.
Dowan hits you with a +2 dagger of speed.
* * * LOW HITPOINT WARNING * * *
Dowan barely misses you.
You barely miss Dowan.
Dowan is almost dead.
Dowan points at you and mumbles some strange words.
The stone arrow hits you!
You die...

#.# ### . #.# #.. ..
#.# ## #.## .)## #.#
#..... ยง>.. ######
#.# #.##.#.%. .<...#
#.####.##.#.#
####.###.##.....@e.#
.......#.##.##.....#
####.)..#...##.....#
###.#.##.##.....#
#####....##..%.....##
.........####.........
#####...###).....#####
##.## #.###### #.# #.#


You could see Dowan.

Vanquished Creatures
  Duvessa (D:5)
  An ogre (D:4)
  A phantom (D:4)
  An orc priest (D:4)
  4 orc wizards
  4 worker ants
  2 adders
  5 worms
  2 dart slugs
  2 leopard geckos
  5 orcs
  A ball python (D:3)
  4 bats (D:1)
  4 giant cockroaches
  5 goblins
  8 hobgoblins
  19 jackals
  7 frilled lizards
  11 kobolds
  5 rats
92 creatures vanquished.

Notes
Turn   | Place    | Note
-------+----------+-------------------------------------------
     0 | D:1      | Mrkan the Merfolk Gladiator began the quest for the Orb.
     0 | D:1      | Reached XP level 1. HP: 16/16 MP: 1/1
   345 | D:1      | Reached XP level 2. HP: 21/23 MP: 2/2
   526 | D:1      | Reached skill level 5 in Polearms
  1088 | D:2      | Reached XP level 3. HP: 24/28 MP: 3/3
  1773 | D:3      | Found a sacrificial altar of Ru.
  1780 | D:3      | Reached XP level 4. HP: 34/34 MP: 4/4
  1785 | D:3      | Found a white marble altar of Elyvilon.
  1952 | D:3      | Found a glowing golden altar of the Shining One.
  1969 | D:3      | Reached skill level 6 in Polearms
  2165 | D:3      | HP: 1/35 [worm (7)]
  2770 | D:3      | Found a shattered altar of Ashenzari.
  2773 | D:3      | Found a hide-covered altar of Uskayaw.
  2831 | D:3      | Became a worshipper of Ashenzari the Shackled
  2892 | D:4      | Reached skill level 5 in Dodging
  2909 | D:4      | Reached XP level 5. HP: 39/41 MP: 5/5
  2997 | D:4      | Found a shadowy altar of Dithmenos.
  3040 | D:4      | Reached skill level 7 in Polearms
  3235 | D:4      | Noticed a phantom
  3299 | D:4      | Killed a phantom
  3299 | D:4      | Reached XP level 6. HP: 6/48 MP: 6/6
  3860 | D:4      | Reached skill level 8 in Polearms
  4042 | D:4      | Reached XP level 7. HP: 44/55 MP: 7/7
  4329 | D:5      | Entered Level 5 of the Dungeon
  4668 | D:5      | Found an iron altar of Okawaru.
  4838 | D:5      | Found a staircase to the Ecumenical Temple.
  4838 | D:5      | Noticed Duvessa
  4841 | D:5      | Noticed Dowan
  4858 | D:5      | Killed Duvessa
  4858 | D:5      | Reached skill level 9 in Polearms
  4886 | D:5      | Killed from afar by Dowan

Skill      XL: |  1  2  3  4  5  6  7 |
---------------+----------------------+-----
Polearms       | 5 6 7 8 9 |  9.2
Fighting       | 3 4 |  4.7
Dodging        | 5 6 |  6.5
Throwing       | |  2.0

Action                   |  1- 3 |  4- 6 |  7- 9 || total
-------------------------+-------+-------+-------++-------
Melee: Trident           |   111 |   210 |    62 ||   383
Invok: Curse Item        |       |     1 |       ||     1
 Stab: Sleeping          |     1 |     2 |       ||     3
  Eat: Chunk             |     3 |     7 |     1 ||    11
Armor: Leather armour    |    22 |    46 |    11 ||    79
Dodge: Dodged            |    81 |   158 |    32 ||   271
